 Dungeon Crawl Stone Soup version 0.28.0-53-g5a82cb258f (webtiles) character file.

Game seed: 2796846015448025920

6854 Peloso the Carver (level 10, -1/90 HPs)
             Began as a Minotaur Fighter on July 24, 2022.
             Was a Priest of Okawaru.
             Killed from afar by an acid dragon (17 damage)
             ... with a splash of acid
             ... on level 9 of the Dungeon.
             The game lasted 00:16:40 (10110 turns).

Peloso the Carver (Minotaur Fighter)               Turns: 10110, Time: 00:16:40

Health: -1/90      AC: 14    Str: 24    XL:     10   Next: 78%
Magic:  8/9        EV: 10    Int:  9    God:    Okawaru [***...]
Gold:   512        SH: 19    Dex: 17    Spells: 9/9 levels left

rFire   . . .      SeeInvis +   a - +7 falchion of Kinyiptu {freeze, rPois Int+4}
rCold   . . .      Faith    .   e - +0 tower shield
rNeg    . . .      Spirit   .   A - +0 plate armour
rPois   +          Reflect  .   (helmet restricted)
rElec   .          Harm     .   (no cloak)
rCorr   .          Rampage  .   (no gloves)
Will    +....                   j - +0 pair of boots
Stlth   ..........              (no amulet)
HPRegen 0.25/turn               p - ring of the Lumpy Villages {Will+ Dex+6 SInv}
MPRegen 0.11/turn               (no ring)

@: heroic, corroded, flying (expiring)
A: horns 2, retaliatory headbutt
a: Renounce Religion, Heroism


You were on level 9 of the Dungeon.
You worshipped Okawaru.
Okawaru was most pleased with you.
You visited 2 branches of the dungeon, and saw 11 of its levels.
You also visited: Sewer.

You collected 512 gold pieces.

Inventory:

Hand Weapons
 a - the +7 falchion of Kinyiptu (weapon) {freeze, rPois Int+4}
   (You found it on level 6 of the Dungeon)

   It freezes those it strikes, dealing additional cold damage.
   It can also slow down cold-blooded creatures.
   Int:       It affects your intelligence (+4).
   rPois:     It protects you from poison.
 b - a +1 long sword
Armour
 c - a +3 scale mail of fire resistance
 d - a +0 buckler
 e - a +0 tower shield (worn)
 j - a +0 pair of boots (worn)
 A - a +0 plate armour (worn)
Jewellery
 p - the ring of the Lumpy Villages (left hand) {Will+ Dex+6 SInv}
   (You found it on level 3 of the Dungeon)

   [ring of dexterity]

   Dex:       It affects your dexterity (+6).
   SInv:      It lets you see invisible.
   Will:      It increases your willpower.
 z - an amulet of magic regeneration
 F - a ring of flight
Wands
 n - a wand of mindburst (11)
 E - a wand of flame (26)
 G - a wand of paralysis (6)
Scrolls
 f - 3 scrolls of noise
 i - a scroll of fear {unknown}
 k - 2 scrolls of vulnerability
 l - 3 scrolls of enchant armour
 q - a scroll of enchant weapon
 r - 2 scrolls of torment {unknown}
 s - a scroll of acquirement {unknown}
 u - 2 scrolls of immolation {unknown}
 y - 2 scrolls of teleportation {unknown}
Potions
 h - 6 potions of haste
 m - 4 potions of heal wounds {unknown}
 o - a potion of curing
 t - a potion of invisibility {unknown}
 v - 2 potions of might
 B - 2 potions of brilliance {unknown}
 C - a potion of degeneration {unknown}
 D - a potion of magic


   Skills:
 + Level 8.6(13.6) Fighting
 + Level 11.9(16.9) Long Blades
 + Level 10.3(15.3) Armour
 + Level 4.0(9.0) Dodging
 + Level 1.4(6.4) Stealth
 + Level 9.2(14.2) Shields
 + Level 1.3 Invocations


You had 9 spell levels left.
You didn't know any spells.
Your spell library contained the following spells:

 Spells                   Type           Power      Damage    Failure   Level
 Corpse Rot               Necr/Air       0%         N/A       100%        2
 Poisonous Vapours        Pois/Air       0%         N/A       100%        2
 Gell's Gravitas          Tloc           0%         N/A       100%        3
 Portal Projectile        Hex/Tloc       0%         N/A       100%        3
 Teleport Other           Tloc           0%         N/A       100%        3
 Leda's Liquefaction      Hex/Erth       0%         N/A       100%        4
 Blade Hands              Tmut           0%         N/A       100%        5
 Irradiate                Conj/Tmut      0%         3d14      100%        5
 Dispersal                Tloc           0%         N/A       100%        6
 Dragon Form              Tmut           0%         N/A       100%        7
 Call Canine Familiar     Summ           Unusable   N/A       N/A         3

Dungeon Overview and Level Annotations

Branches:
Dungeon (10/15)            Temple (1/1) D:6            Lair (0/6) D:8
  Sewer (visited)
    Orc: D:9-12

Altars:
Cheibriados
Dithmenos
Gozag
Kikubaaqudgha
Nemelex Xobeh
Okawaru
Qazlal
Xom
Yredelemnul
Zin
The Shining One

Shops:
D:8 (   D:9 *

Annotations:
D:5 3 runed translucent doors, H0rd4k's ghost, novice HuAr; Plasmagod's ghost, amateur MiFi; duchin's ghost, novice DEFE; hitsuchi's ghost, novice TeBe; kwasso's ghost, novice OpTm


Innate Abilities, Weirdness & Mutations

You have a pair of horns on your head.
You reflexively headbutt those who attack you in melee.


Message History

You block the splash of acid.
The cyclops throws a large rock.
The large rock hits you!!!
You hear a shout!
You gain the combat prowess of a mighty hero.
The acid dragon spits acid at you. You block the splash of acid.
You slash the cyclops! You freeze the cyclops. You headbutt the cyclops!
The cyclops is heavily wounded.
You block the cyclops's attack.
You hit the cyclops. You freeze the cyclops. You headbutt the cyclops.
The cyclops is heavily wounded.
You hit the cyclops. You freeze the cyclops.
The cyclops is severely wounded.
The cyclops hits you!! The acid dragon spits acid at you.
The splash of acid hits you!!
* * * LOW HITPOINT WARNING * * *
The acid corrodes you!
You feel better.
You barely miss the cyclops. Your headbutt misses the cyclops.
The cyclops is severely wounded.
You block the cyclops's attack.
Unknown command.
You hit the cyclops but do no damage. You headbutt the cyclops.
The cyclops is severely wounded.
You are starting to lose your buoyancy.
You block the acid dragon's attack. x2; You block the cyclops's attack.
Unknown command.
You hit the cyclops. You freeze the cyclops.
You headbutt the cyclops, but do no damage.
The cyclops is severely wounded.
You block the acid dragon's attack. x2
Unknown command.
You slash the cyclops! You freeze the cyclops.
Your headbutt misses the cyclops.
The cyclops is almost dead.
You block the cyclops's attack. The acid dragon spits acid at you.
The splash of acid hits you!
You die...

.... #............. #.##
...###............. ...
#........##.#..#....##....≈≈≈
....#...........#.........#..≈≈≈≈
....#....?......../.##...##..≈≈≈≈
....#..##...........#.....#(.≈≈≈≈
.......................##.#..≈≈≈♣
.............................≈≈≈.
...............D@......###..#≈≈≈♣
.....D.........C........###.#≈≈≈≈
.####o##...............###..#≈≈≈≈
#####.#####...........)......≈≈≈≈
))##DC## ##..................≈≈≈
...#...####...........>......##..
........##......?..###.......##..
............(.....####.).#.V.....
)#...............###....###....##


You could see a cyclops and an acid dragon (catching breath).

Vanquished Creatures
  2 two-headed ogres
  A cyclops (D:9)
  Psyche (D:8)
  2 kobold demonologists (D:9)
  Maggie (D:8)
  A hornet (D:10)
  A vampire (D:9)
  A steam dragon (D:10)
  A yak (D:10)
  Menkaure (D:4)
  Edmund (D:5)
  A water moccasin (D:8)
  An ice beast (D:6)
  A sky beast (D:6)
  2 orc warriors
  A necrophage (D:4)
  5 ogres
  2 black bears
  A centaur (D:5)
  Blork the orc (D:4)
  6 kobold brigands
  A scorpion (D:4)
  A bullfrog (D:7)
  A water moccasin zombie (D:7)
  5 killer bees (D:8)
  2 wights (D:7)
  3 howler monkeys
  A centaur zombie (D:6)
  4 jellies
  5 orc priests
  7 hounds
  A centaur skeleton (D:5)
  5 iguanas
  4 orc wizards
  A hound zombie (D:5)
  A hound skeleton (D:4)
  A howler monkey zombie (D:9)
  A gnoll (D:1)
  7 adders
  7 river rats
  A shadow imp (D:5)
  4 white imps
  2 ufetubi (D:4)
  3 worms
  3 dart slugs
  14 orcs
  10 ball pythons
  9 endoplasms
  4 giant cockroaches
  4 goblins
  5 hobgoblins
  6 jackals
  32 kobolds
  7 quokkas
  2 bats
  3 frilled lizards
  32 rats
233 creatures vanquished.

Notes
Turn   | Place    | Note
-------+----------+-------------------------------------------
     0 | D:1      | Peloso the Minotaur Fighter began the quest for the Orb.
     0 | D:1      | Reached XP level 1. HP: 19/19 MP: 0/0
    89 | D:1      | Reached XP level 2. HP: 27/27 MP: 1/1
   188 | D:1      | Found a faded altar of an unknown god.
   333 | D:1      | Reached XP level 3. HP: 27/33 MP: 2/2
  1250 | D:2      | Reached skill level 3 in Long Blades
  1306 | D:2      | Reached XP level 4. HP: 37/40 MP: 3/3
  2014 | D:3      | Identified the ring of the Lumpy Villages {Will+ Dex+6
                  | SInv}
  2321 | D:3      | Noticed an ogre
  2338 | D:3      | Killed an ogre
  2339 | D:3      | Reached skill level 4 in Long Blades
  2339 | D:3      | Reached skill level 5 in Armour
  2339 | D:3      | Reached XP level 5. HP: 19/47 MP: 4/4
  3124 | D:4      | Noticed Menkaure
  3134 | D:4      | Killed Menkaure
  3135 | D:4      | Reached skill level 5 in Long Blades
  3135 | D:4      | Reached skill level 1 in Dodging
  3135 | D:4      | Reached XP level 6. HP: 42/53 MP: 5/5
  3195 | D:4      | Found a glowing golden altar of the Shining One.
  3220 | D:4      | Noticed Blork the orc
  3229 | D:4      | Killed Blork the orc
  3373 | D:4      | Reached skill level 5 in Fighting
  3377 | D:4      | Reached XP level 7. HP: 53/61 MP: 6/6
  3433 | D:4      | Reached skill level 6 in Long Blades
  3440 | D:4      | Reached skill level 5 in Shields
  3890 | D:5      | Entered Level 5 of the Dungeon
  3927 | D:5      | Found a glowing drain.
  3948 | Sewer    | Entered a sewer
  4216 | Sewer    | Reached skill level 7 in Long Blades
  4397 | Sewer    | Reached XP level 8. HP: 70/70 MP: 7/7
  4946 | D:5      | Noticed Edmund
  4964 | D:5      | Killed Edmund
  5202 | D:5      | Reached skill level 8 in Long Blades
  5519 | D:5      | Found a runed translucent gate.
  5519 | D:5      | Found a runed translucent gate.
  5519 | D:5      | Found a runed translucent gate.
  5520 | D:5      | Noticed kwasso's ghost (novice OpTm)
  5520 | D:5      | Noticed hitsuchi's ghost (novice TeBe)
  5521 | D:5      | Noticed duchin's ghost (novice DEFE)
  5521 | D:5      | Noticed H0rd4k's ghost (novice HuAr)
  5521 | D:5      | Noticed Plasmagod's ghost (amateur MiFi)
  5916 | D:6      | Identified the +7 falchion of Kinyiptu {freeze, rPois
                  | Int+4}
  5953 | D:6      | Found a staircase to the Ecumenical Temple.
  5960 | Temple   | Entered the Ecumenical Temple
  6023 | Temple   | Became a worshipper of Warmaster Okawaru
  6089 | D:6      | Reached XP level 9. HP: 70/78 MP: 8/8
  6744 | D:7      | Reached skill level 9 in Long Blades
  6868 | D:7      | Reached skill level 1 in Stealth
  7055 | D:8      | Found Kejous's Antique Weapon Shoppe.
  7202 | D:8      | Reached * piety under Okawaru
  7743 | D:8      | Found a staircase to the Lair.
  7955 | D:8      | Noticed Maggie
  7963 | D:8      | Killed Maggie
  7964 | D:8      | Reached skill level 10 in Long Blades
  8002 | D:8      | Noticed Psyche
  8014 | D:8      | Killed Psyche
  8190 | D:8      | Reached ** piety under Okawaru
  8313 | D:9      | Noticed a kobold demonologist
  8327 | D:9      | Killed a kobold demonologist
  8328 | D:9      | Reached XP level 10. HP: 88/88 MP: 7/9
  8439 | D:9      | Noticed a cyclops
  8447 | D:9      | Noticed a cyclops
  8451 | D:9      | HP: 1/88 [cyclops/large rock (43)]
  8464 | D:10     | Entered Level 10 of the Dungeon
  8469 | D:10     | Reached skill level 11 in Long Blades
  8781 | D:10     | Noticed a two-headed ogre
  8789 | D:10     | Killed a two-headed ogre
  9043 | D:10     | Reached skill level 1 in Invocations
  9079 | D:9      | Noticed a two-headed ogre
  9480 | D:8      | Killed a two-headed ogre
  9481 | D:8      | Reached skill level 10 in Armour
  9588 | D:9      | Reached *** piety under Okawaru
  9849 | D:9      | Found Nongylif's Island Escapes.
 10063 | D:9      | Killed a cyclops
 10110 | D:9      | Killed from afar by an acid dragon

Illustrated notes

Levels and vault maps discovered:
D:1:      eino_arrival_tree_alley, layout_basic,
          hellmonk_ecumenical_altar_dog_temple, grunt_decor_mini_mirrors,
          dk_noncrumbling_3, hangedman_abyss_or_decor_stabs,
          minmay_strange_pillars
D:2:      layout_loops_ring
D:3:      minmay_octagon_keep, layout_loops_ring, minmay_quantized
D:4:      layout_basic, mainiacjoe_overflow_catwalk, minmay_between,
          uniq_blork_the_orc, uniq_menkaure
D:5:      layout_rooms, gammafunk_ghost_cemetery, gup_sewer_entry_bubbles,
          uniq_edmund
D:6:      layout_cave_pods, minmay_temple_entry_tees
D:7:      minmay_the_grid_four_pointed_star
          [minmay_the_grid_triangle_9x9_zippers_vertical,
          minmay_the_grid_triangle_9x9_cache,
          minmay_the_grid_triangle_9x9_thin_v,
          minmay_the_grid_triangle_9x9_skeleton,
          minmay_the_grid_prize_diamond_cup], layout_basic
D:8:      layout_basic, lair_entry_dummy, serial_shops, nicolae_stop_n_shop_1,
          minivault_22, abandoned_shop, uniq_psyche, uniq_maggie
D:9:      layout_cave_pools, minmay_orc_entry_temple_small,
          nicolae_island_escapes
D:10:     layout_roguey, minmay_shattered_shrine
Temple:   mainiacjoe_temple_circle_huts

Skill      XL: |  1  2  3  4  5  6  7  8  9 10 |
---------------+-------------------------------+-----
Armour         | 4 5 6 8 9 10 | 10.3
Fighting       | 4 5 6 7 8 |  8.6
Shields        | 4 5 6 7 9 |  9.2
Long Blades    | 3 4 5 7 8 10 11 | 11.9
Dodging        | 1 2 3 4 |  4.0
Stealth        | 1 |  1.4
Invocations    | 1 |  1.3

Action                   |  1- 3 |  4- 6 |  7- 9 | 10-12 || total
-------------------------+-------+-------+-------+-------++-------
Melee: Long sword        |    80 |   109 |   244 |       ||   433
       Headbutt          |     9 |    16 |    61 |    28 ||   114
       Falchion          |       |       |   104 |    96 ||   200
Invok: Heroism           |       |       |     3 |     4 ||     7
  Use: Scroll            |     2 |     2 |     2 |     4 ||    10
       Potion            |       |       |       |     4 ||     4
Armor: Scale mail        |    35 |    44 |   119 |       ||   198
       Plate armour      |       |       |    18 |    39 ||    57
Dodge: Dodged            |    29 |    53 |   151 |    19 ||   252
Block: Buckler           |    17 |    27 |   103 |       ||   147
       Tower shield      |       |       |    16 |    96 ||   112
